 Dungeon Crawl Stone Soup version 0.28.0-53-g5a82cb258f (webtiles) character file.

Game seed: 17681848682841050830

137 Zeld the Skirmisher (level 5, -7/48 HPs)
             Began as a Minotaur Berserker on May 23, 2022.
             Was a Believer of Trog.
             Mangled by Grinder (10 damage)
             ... on level 3 of the Dungeon.
             The game lasted 00:01:43 (3288 turns).

Zeld the Skirmisher (Minotaur Berserker)            Turns: 3288, Time: 00:01:43

Health: -7/48      AC:  2    Str: 23    XL:     5   Next: 0%
Magic:  4/4        EV: 12    Int:  4    God:    Trog [**....]
Gold:   142        SH:  0    Dex: 10    Spells: 4/4 levels left

rFire   . . .      SeeInvis .   a - +0 hand axe
rCold   . . .      Faith    .   (no shield)
rNeg    . . .      Spirit   .   b - +0 animal skin
rPois   .          Reflect  .   (helmet restricted)
rElec   .          Harm     .   (no cloak)
rCorr   .          Rampage  .   (no gloves)
Will    ++...                   (no boots)
Stlth   +.........              (no amulet)
HPRegen 1.16/turn               (no ring)
MPRegen 0.09/turn               (no ring)

@: strong-willed, on berserk cooldown, regenerating, slowed, very slow
A: horns 2, retaliatory headbutt
a: Renounce Religion, Berserk, Trog's Hand


You were on level 3 of the Dungeon.
You worshipped Trog.
Trog was pleased with you.
You visited 1 branch of the dungeon, and saw 3 of its levels.

You collected 142 gold pieces.

Inventory:

Hand Weapons
 a - a +0 hand axe (weapon)
Armour
 b - a +0 animal skin (worn)
Scrolls
 c - a scroll of noise {unknown}
 f - a scroll of identify {unknown}
 j - a scroll of fear {unknown}
 k - a scroll of summoning {unknown}
 l - a scroll of enchant armour {unknown}
Potions
 d - a potion of ambrosia {unknown}
 e - 2 potions of curing {unknown}
 g - a potion of heal wounds {unknown}
 h - a potion of degeneration {unknown}
 i - a potion of lignification {unknown}


   Skills:
 * Level 5.0 Fighting
 * Level 4.9 Axes
 + Level 3.3 Armour
 + Level 3.0 Dodging


You had 4 spell levels left.
You didn't know any spells.
Your spell library was empty.

Dungeon Overview and Level Annotations

Branches:
Dungeon (3/15)

Altars:
Vehumet

Annotations:
D:3 Grinder


Innate Abilities, Weirdness & Mutations

You have a pair of horns on your head.
You reflexively headbutt those who attack you in melee.


Message History

You hit Grinder but do no damage.
Grinder is heavily wounded.
Grinder hits you.
You closely miss Grinder. You headbutt Grinder!
Grinder is severely wounded.
Grinder hits you!
* * * LOW HITPOINT WARNING * * *
You writhe in agony.
* * * LOW HITPOINT WARNING * * *
Unknown command.
There is an escape hatch in the floor here.
A red film seems to cover your vision as you go berserk!
You feel yourself moving faster!
You feel mighty! Grinder closely misses you.
You completely miss Grinder. Your headbutt misses Grinder.
Grinder is severely wounded.
Grinder blinks!
Unknown command.
You feel a strong urge to attack something.
Grinder blinks!
You feel your anger nearly subside.
You are no longer berserk.
You are exhausted.
You feel yourself slow down.
Your skin crawls.
You feel strong-willed.
Grinder blinks!
You start resting.
Grinder is nearby!
Grinder is nearby!
Grinder is nearby!
Grinder barely misses you. You furiously retaliate!
You headbutt Grinder. You closely miss Grinder.
Grinder is severely wounded.
Grinder hits you.
You writhe in agony.
* * * LOW HITPOINT WARNING * * *
Grinder hits you!
* * * LOW HITPOINT WARNING * * *
You hit Grinder.
Grinder is almost dead.
Grinder hits you!
You die...

##############
#............#
#####............# #
....'............#
########.##
.####............#
#..5..).... .#
####.##......#
#.......... .#
#.##.....@###..........
.#
#.........5....#####.##
.# #..#......####># .#
#..######## #.#
.#######..####### #.#
................. ...
.#######......... #.#
.# #.######## #.#
.#######........ #.#


You could see Grinder.

Vanquished Creatures
  An orc priest (D:2)
  2 orc wizards (D:2)
  A worm (D:3)
  A dart slug (D:2)
  3 orcs
  4 ball pythons
  4 endoplasms
  2 giant cockroaches
  3 goblins
  7 hobgoblins
  8 kobolds
  A quokka (D:2)
  5 bats
  5 frilled lizards
  2 rats (D:1)
49 creatures vanquished.

Notes
Turn   | Place    | Note
-------+----------+-------------------------------------------
     0 | D:1      | Zeld the Minotaur Berserker began the quest for the Orb.
     0 | D:1      | Reached XP level 1. HP: 19/19 MP: 0/0
   480 | D:1      | Reached XP level 2. HP: 27/27 MP: 1/1
   724 | D:1      | Reached skill level 4 in Fighting
  1044 | D:1      | Reached ** piety under Trog
  1359 | D:2      | Reached XP level 3. HP: 33/33 MP: 2/2
  1998 | D:2      | Found a radiant altar of Vehumet.
  2270 | D:2      | Reached XP level 4. HP: 13/41 MP: 3/3
  3130 | D:3      | Reached skill level 5 in Fighting
  3200 | D:3      | Reached XP level 5. HP: 45/48 MP: 4/4
  3262 | D:3      | Noticed Grinder
  3287 | D:3      | HP: 1/48 [Grinder (10)]
  3288 | D:3      | Mangled by Grinder

Illustrated notes

Levels and vault maps discovered:
D:1:      dpeg_arrival_court, layout_loops_corners, hangedman_glass_teeth,
          minmay_misc_feat_enclosed
D:2:      layout_loops_ring, basic_altar
D:3:      layout_basic, amethyst_overflow_temple_binary, gammafunk_ghost_icy,
          uniq_grinder

Skill      XL: |  1  2  3  4 |
---------------+-------------+-----
Axes           | 4 |  4.9
Fighting       | 4 5 |  5.0
Armour         | 3 |  3.3
Dodging        | 3 |  3.0

Action                   |  1- 3 |  4- 6 || total
-------------------------+-------+-------++-------
Melee: Hand axe          |    89 |    35 ||   124
       Headbutt          |     9 |     5 ||    14
       Punch             |     1 |       ||     1
Invok: Berserk           |       |     2 ||     2
       Trog's Hand       |       |     1 ||     1
Armor: Animal skin       |    19 |     3 ||    22
Dodge: Dodged            |    54 |    13 ||    67
